General information
- name: BNet
- type: Ladder 1vs1/FFA
- host: Battle.net
- saver: DirtMcGirt
map: TirisfalGlades
- players: 2
- length: 14:36
- speed: Fast
- version: 1.21 W3XP
- replay type: Public
» download(45 KB)
Players
team 1 (loser)
hilacha (
red | 53 APM | 771 actions | 14:30)
3 Mountain King
2 Storm Bolt
1 Thunder Clap
1 Paladin
1 Holy Light
» actions
| Assign group hotkey | 10 | |
| Basic commands | 81 | |
| Build / train | 36 | |
| ESC pressed | 1 | |
| Enter build submenu | 8 | |
| Enter hero's abilities submenu | 4 | |
| Right click | 355 | |
| Select / deselect | 222 | |
| Select group hotkey | 27 | |
| Use ability | 27 | |
771 total
» units
| Peasant | 7 | |
| Footman | 6 | |
| Rifleman | 14 | |
27 total
» upgrades
» buildings
| Farm | 5 | |
| Barracks | 1 | |
| Altar of Kings | 1 | |
| Blacksmith | 1 | |
| Keep | 1 | |
9 total
» build order
00:07 Farm
00:11 Barracks
00:16 Altar of Kings
01:05 Farm
01:48 Farm
02:25 Farm
03:03 Blacksmith
05:09 Keep
05:30 Farm
team 2 (winner)

»
DirtMcGirt (
pink | 90 APM | 1321 actions | 14:36)
5 Dreadlord
3 Sleep
2 Vampiric Aura
3 Death Knight
2 Death Coil
1 Unholy Aura
» actions
| Assign group hotkey | 12 | |
| Basic commands | 2 | |
| Build / train | 54 | |
| Enter build submenu | 13 | |
| Enter hero's abilities submenu | 7 | |
| Remove unit from queue | 10 | |
| Right click | 674 | |
| Select / deselect | 398 | |
| Select group hotkey | 97 | |
| Use ability | 54 | |
1321 total
» units
| Acolyte | 2 | |
| Ghoul | 10 | |
| Gargoyle | -1 | |
| Crypt Fiend | 9 | |
20 total
» upgrades
| Cannibalize | 1 | |
| Creature Attack | 2 | |
| Burrow | 1 | |
| Web | 1 | |
| Creature Carapace | 1 | |
6 total
» buildings
| Altar of Darkness | 1 | |
| Crypt | 3 | |
| Ziggurat | 6 | |
| Tomb of Relics | 1 | |
| Nerubian Tower | 2 | |
| Halls of the Dead | 2 | |
| Graveyard | 1 | |
| Temple of the Damned | 2 | |
| Black Citadel | 1 | |
19 total
» build order
00:07 Altar of Darkness
00:10 Crypt
00:41 Ziggurat
00:56 Tomb of Relics
01:26 Ziggurat
01:42 Nerubian Tower
01:42 Nerubian Tower
04:24 Halls of the Dead
04:25 Halls of the Dead
05:00 Ziggurat
05:17 Graveyard
05:20 Ziggurat
08:13 Temple of the Damned
08:14 Temple of the Damned
08:20 Crypt
08:21 Crypt
08:32 Black Citadel
13:12 Ziggurat
13:13 Ziggurat
» items
Chat log
(00:44 / All) DirtMcGirt: gl hf
(14:23 / All) hilacha: :(
(14:24 / All) hilacha: bye
(14:25 / All) DirtMcGirt: gg
(14:27 / All) DirtMcGirt: bye